 Dungeon Crawl Stone Soup version 0.23-a0-550-g7de1f8e (webtiles) character file.

2906 EvilAliv3 the Fighter (level 9, -5/83 HPs)
             Began as a Purple Draconian Abyssal Knight on Dec 9, 2018.
             Was an Elder of Lugonu.
             Slain by Harold
             ... wielding a +0 scimitar of slicing
              (8 damage)
             ... on level 6 of the Dungeon.
             The game lasted 01:01:02 (8037 turns).

EvilAliv3 the Fighter (DrAK)                        Turns: 8037, Time: 01:01:02

Health: -5/83      AC: 13    Str: 23    XL:     9   Next: 49%
Magic:  15/15      EV: 16    Int: 12    God:    Lugonu [****..]
Gold:   396        SH:  0    Dex: 12    Spells: 8/8 levels left

rFire    . . .     SeeInvis .   a - +2 whip (venom)
rCold    . . .     Gourm    +   (no shield)
rNeg     . . .     Faith    .   (armour unavailable)
rPois    .         Spirit   .   (helmet restricted)
rElec    .         Reflect  .   E - +0 cloak
rCorr    .         Harm     .   (no gloves)
MR       ++...                  (no boots)
Stlth    +.........             u - amulet of the gourmand
HPRegen  0.23/turn              f - ring of Amorality {MR+ AC+5 Str+4, =R}
MPRegen  0.14/turn              g - +2 ring of dexterity

@: marked
A: breathe power, unfitting armour, cold-blooded, AC +7
a: Breathe Dispelling Energy, Depart the Abyss, Bend Space, Banish, Corrupt,
Renounce Religion


You were on level 6 of the Dungeon.
You worshipped Lugonu.
Lugonu was greatly pleased with you.
You were very full.

You visited 1 branch of the dungeon, and saw 7 of its levels.
You visited the Abyss 1 time.
You also visited: Bailey.

You collected 396 gold pieces.

Inventory:

Hand Weapons
 a - a +2 whip of venom (weapon)
 b - a +1 whip of electrocution
 o - the +5 war axe of Hacking and Slashing {protect, rPois rF+ Dex-3, unknown}
   (You found it on level 5 of the Dungeon)

   It protects the one who uses it against injury (+AC on strike).
   It affects your dexterity (-3).
   It protects you from fire.
   It protects you from poison.
 w - a +0 hunting sling
Missiles
 c - 19 poisoned needles
 d - 130 stones (quivered)
 v - 2 tomahawks
 D - 31 sling bullets
Armour
 C - a +0 shield
 E - a +0 cloak (worn)
Jewellery
 f - the ring of Amorality (left hand) {MR+ AC+5 Str+4, =R}
   (You found it on level 4 of the Dungeon)

   [ring of protection]

   It affects your AC (+5).
   It affects your strength (+4).
   It affects your resistance to hostile enchantments.
 g - a +2 ring of dexterity (right hand)
 j - an uncursed ring of poison resistance
 n - an uncursed ring of positive energy
 u - an amulet of the gourmand (around neck)
 G - an uncursed ring of wizardry
 K - an uncursed ring of magical power
Wands
 A - a wand of flame (25)
Scrolls
 e - a scroll of fog
 h - 8 scrolls of remove curse
 m - a scroll of identify
 s - 2 scrolls of immolation
 t - 2 scrolls of enchant weapon
 y - a scroll of blinking {unknown}
 I - a scroll of summoning {unknown}
 L - a scroll of vulnerability {unknown}
Potions
 k - a potion of agility {unknown}
 l - a potion of berserk rage {unknown}
 p - 3 potions of brilliance
 q - a potion of might {unknown}
 x - 3 potions of curing
 z - 3 potions of flight {unknown}
 B - 2 potions of heal wounds {unknown}
 F - a potion of haste {unknown}
 J - a potion of degeneration {unknown}
Comestibles
 i - 13 rations


   Skills:
 + Level 9.0 Fighting
   Level 2.0 Long Blades
 + Level 7.3 Dodging
 + Level 8.6 Invocations


You had 8 spell levels left.
You didn't know any spells.
Your spell library was empty.

Dungeon Overview and Level Annotations

Branches:
Dungeon (7/15)             Temple (0/1) D:7

Altars:
Cheibriados
Elyvilon
Fedhas
Gozag
Makhleb
Okawaru
Qazlal
Ru
Trog
Wu Jian
Xom
Yredelemnul

Annotations:
D:6 Harold
D:7 Joseph


Innate Abilities, Weirdness & Mutations

You can breathe bolts of dispelling energy.
Your rich purple scales are hard. (AC +7)
You cannot fit into any form of body armour.
You are cold-blooded and may be slowed by cold attacks.


Message History

Harold completely misses you.
You hit Harold but do no damage.
Harold looks as sick as possible!
Harold is lightly wounded.
You barely miss Harold.
Harold is lightly wounded.
Harold hits you with a +0 scimitar of slicing!!
* * * LOW HITPOINT WARNING * * *
x2 You barely miss Harold.
You tail-slap Harold.
Harold is moderately wounded.
Harold says, "Bounty hunting has been great, but I can't wait to retire."
Harold hits you with a +0 scimitar of slicing!
* * * LOW HITPOINT WARNING * * *
x2 Harold drinks a potion.
Harold is healed!
Harold looks more healthy.
You climb upwards.
There is a stone staircase leading down here.
Okay, then.
You hit Harold.
Harold is poisoned.
Harold is lightly wounded.
Harold hits you with a +0 scimitar of slicing!
You die...

#..#
##.♣♣..#
#....#
#..#
#...♣..#
######
#..#
#......#
...#
#..#...#
####
##.#...#
#.#...#
#...###
##@.#
#.@#
####


You could see Harold.

Vanquished Creatures
  Pikel (D:4)
  Eustachio (D:5)
  A hungry ghost (D:7)
  A warg (D:7)
  A water moccasin (D:6)
  An ice beast (D:6)
  4 orc warriors
  A sky beast (D:7)
  A slave (D:4)
  A phantom (D:7)
  3 ogres
  2 centaurs (D:6)
  2 bullfrogs
  A howler monkey (D:5)
  2 crimson imps
  A centaur zombie (D:7)
  A jelly (D:7)
  3 orc priests
  2 hounds
  An iguana (D:4)
  3 orc wizards
  7 worker ants
  A worker ant zombie (D:5)
  3 gnolls (D:3)
  5 adders
  A shadow imp (D:6)
  An ooze (D:3)
  6 worms
  2 dart slugs (D:1)
  3 leopard geckos
  36 orcs
  10 bats
  7 giant cockroaches
  8 goblins
  9 hobgoblins
  13 jackals
  2 quokkas
  2 ball pythons
  6 frilled lizards
  A giant cockroach zombie (D:6)
  A jackal skeleton (D:5)
  8 kobolds
  4 rats
170 creatures vanquished.

Vanquished Creatures (others)
  Sigmund (D:4)
  A slave (D:4)
2 creatures vanquished.

Grand Total: 172 creatures vanquished

Notes
Turn   | Place    | Note
-------+----------+-------------------------------------------
     0 | Abyss:1  | EvilAliv3 the Draconian Abyssal Knight began the quest for
                  | the Orb.
     0 | Abyss:1  | Reached XP level 1. HP: 19/19 MP: 2/2
    46 | Abyss:1  | Noticed a hellephant
    65 | Abyss:1  | Noticed a spatial vortex
    65 | Abyss:1  | Noticed a spatial maelstrom
    66 | Abyss:1  | Noticed a spatial vortex
    67 | Abyss:1  | Noticed a spatial vortex
    67 | Abyss:1  | Noticed a spatial vortex
    67 | Abyss:1  | Noticed a spatial vortex
    67 | D:1      | Escaped the Abyss
   250 | D:1      | Reached XP level 2. HP: 26/26 MP: 3/3
   256 | D:1      | Reached * piety under Lugonu
   786 | D:1      | Reached XP level 3. HP: 33/33 MP: 4/4
  1240 | D:2      | Found a white marble altar of Elyvilon.
  1351 | D:2      | Reached skill level 4 in Fighting
  1484 | D:2      | Reached XP level 4. HP: 40/40 MP: 6/6
  1671 | D:2      | Reached ** piety under Lugonu
  1804 | D:3      | Found a sacrificial altar of Ru.
  1909 | D:3      | Found a burning altar of Makhleb.
  1988 | D:3      | Reached XP level 5. HP: 30/47 MP: 7/7
  2104 | D:3      | Found a blossoming altar of Fedhas.
  2140 | D:3      | Found a basalt altar of Yredelemnul.
  2507 | D:3      | Found a stormy altar of Qazlal.
  2699 | D:3      | Found a faded altar of an unknown god.
  2778 | D:3      | Reached *** piety under Lugonu
  3045 | D:4      | Got a scintillating platinum ring
  3244 | D:4      | Noticed an ogre
  3362 | D:4      | Noticed Sigmund
  3399 | D:5      | Entered Level 5 of the Dungeon
  3546 | D:5      | Noticed an ogre
  3640 | D:4      | Noticed a slave
  3641 | D:4      | Noticed Pikel
  3641 | D:4      | Noticed a slave
  3641 | D:4      | Noticed a slave
  3661 | D:4      | Noticed a slave
  3667 | D:4      | Killed a slave
  3686 | D:4      | Killed Pikel
  3686 | D:4      | Reached skill level 6 in Fighting
  3686 | D:4      | Reached skill level 5 in Invocations
  3686 | D:4      | Reached XP level 6. HP: 19/57 MP: 8/10
  3686 | D:4      | Your scales start taking on a rich purple colour.
  3686 | D:4      | Reached XP level 7. HP: 21/63 MP: 8/11
  3880 | D:4      | Killed Sigmund
  4091 | D:5      | Identified the ring of Amorality {MR+ AC+5 Str+4} (You
                  | found it on level 4 of the Dungeon)
  4461 | D:4      | Reached skill level 5 in Dodging
  4652 | D:5      | Noticed Eustachio
  4836 | D:5      | Reached XP level 8. HP: 60/71 MP: 12/12
  4940 | D:5      | Got a warped war axe
  4995 | D:5      | Found an iron altar of Okawaru.
  5549 | D:6      | Reached skill level 7 in Fighting
  5603 | D:6      | Found a bloodstained altar of Trog.
  5638 | D:6      | Reached **** piety under Lugonu
  5911 | D:5      | Killed Eustachio
  6481 | D:6      | Found a shimmering altar of Xom.
  6547 | D:6      | Found an ornate altar of the Wu Jian Council.
  6603 | D:6      | Reached skill level 8 in Fighting
  6669 | D:6      | Found an opulent altar of Gozag.
  6833 | D:7      | Found a staircase to the Ecumenical Temple.
  6851 | D:7      | Reached XP level 9. HP: 81/81 MP: 14/14
  6874 | D:7      | Found a flagged portal.
  6881 | Bailey   | Entered a bailey
  7348 | D:7      | Found a snail-covered altar of Cheibriados.
  7728 | D:7      | Noticed Harold
  7794 | D:7      | Noticed Joseph
  7861 | D:6      | Reached skill level 9 in Fighting
  8034 | D:7      | HP: 4/83 [Harold/+0 scimitar of slicing (16)]
  8037 | D:6      | Slain by Harold

Vault maps used:
D:1:      ncdulo_watergridlock
D:2:      minmay_chambers_of_ones, elyvilon_altar_3, first_ration,
          kennysheep_generic_room_15
D:3:      old_standard_altar, grunt_temple_overflow_open,
          nicolae_qazlal_general_emergency, chequers_ecumenical_altar_simple
D:4:      minmay_misc_feat_nine_boxes, uniq_pikel, uniq_sigmund
D:5:      kennysheep_mini_moat, roderic_nine_men_s_morris, uniq_eustachio
D:6:      old_standard_altar, nicolae_overflow_crystal_walls,
          grunt_gozag_breadcrumbs, basic_altar, minmay_crystal_water,
          chequers_mini_garden
D:7:      lemuel_castle_with_subvaults, kennysheep_little_box,
          minmay_temple_entry_wispy, enter_bailey_2, uniq_joseph, uniq_harold
Abyss:1:  minivault_27
Bailey:   bailey_polearm_5, bailey

Skill      XL: |  1  2  3  4  5  6  7  8  9 |
---------------+----------------------------+-----
Fighting       | 4 6 8 9 |  9.0
Invocations    | 3 5 6 7 8 |  8.6
Dodging        | 3 4 5 6 7 |  7.3
Long Blades    | |  2.0

Action                   |  1- 3 |  4- 6 |  7- 9 || total
-------------------------+-------+-------+-------++-------
Melee: Falchion          |    54 |       |       ||    54
       Whip              |    69 |   177 |   332 ||   578
       Tailslap          |     8 |    20 |    58 ||    86
 Fire: Hunting sling     |       |     2 |    32 ||    34
Throw: Stone             |       |     6 |    11 ||    17
Invok: Depart the Abyss  |     1 |       |       ||     1
 Abil: Breathe Dispellin |       |       |     1 ||     1
  Use: Scroll            |       |     4 |     7 ||    11
       Potion            |       |       |     1 ||     1
 Stab: Sleeping          |     2 |     2 |       ||     4
       Distracted        |       |       |     1 ||     1
  Eat: Chunk             |     2 |     7 |    32 ||    41
Armor: Skin              |    32 |    39 |   126 ||   197
Dodge: Dodged            |    79 |   106 |   285 ||   470
       Rpst.: Falchion   |    11 |       |       ||    11

Table legend:
 A = Non-vault XP
 B = Vault XP
 C = Vault XP percentage of total XP
 D = Non-vault monster count
 E = Vault monster count
 F = Vault count percentage of total count
                 A         B        C        D         E       F
            +---------+---------+-------+---------+---------+-------
      Total |    2896 |    1256 |  30.3 |     145 |      24 |  14.2
            +---------+---------+-------+---------+---------+-------
        D:1 |      47 |       0 |   0.0 |      24 |       0 |   0.0
        D:2 |      71 |      10 |  12.3 |      16 |       5 |  23.8
        D:3 |     142 |       0 |   0.0 |      34 |       0 |   0.0
        D:4 |     390 |     593 |  60.3 |      13 |       1 |   7.1
        D:5 |     431 |     191 |  30.7 |      18 |       1 |   5.3
        D:6 |    1085 |       0 |   0.0 |      25 |       0 |   0.0
        D:7 |     730 |     161 |  18.1 |      15 |       1 |   6.2
     Bailey |       0 |     301 | 100.0 |       0 |      16 | 100.0
            +---------+---------+-------+---------+---------+-------
